 Dungeon Crawl Stone Soup version 0.22-a0-253-gf9d0ce5 (webtiles) character file.

6589 SpeedyPerson7 the Fiendish (level 10, 0/92 HPs)
             Began as a Deep Dwarf Fighter on Mar 3, 2018.
             Was a Priest of Makhleb.
             Slain by an 11-headed hydra (8 damage)
             ... on level 10 of the Dungeon.
             The game lasted 00:07:00 (4598 turns).

SpeedyPerson7 the Fiendish (Deep Dwarf Fighter)     Turns: 4598, Time: 00:07:00

Health: 0/92       AC: 16    Str: 26    XL:     10   Next: 71%
Magic:  14/14      EV:  6    Int:  9    God:    Makhleb [***...]
Gold:   559        SH: 11    Dex: 12    Spells: 9/9 levels left

rFire    . . .     SeeInvis .   a - +1 war axe
rCold    . . .     Gourm    .   n - +0 shield
rNeg     . . .     Faith    .   C - +0 plate armour
rPois    .         Spirit   .   D - +0 helmet
rElec    .         Reflect  .   (no cloak)
rCorr    .         Harm     .   m - +0 pair of gloves
MR       ++...                  (no boots)
Stlth    ..........             (no amulet)
HPRegen  0.00/turn              p - +3 ring of strength
MPRegen  0.14/turn              M - ring of protection from magic

@: non-regenerating
A: damage resistance, heal wounds, sense surroundings 2, no regeneration
a: Heal Wounds, Minor Destruction, Lesser Servant of Makhleb, Renounce Religion


You were on level 10 of the Dungeon.
You worshipped Makhleb.
Makhleb was most pleased with you.
You were not hungry.

You visited 1 branch of the dungeon, and saw 11 of its levels.

You collected 559 gold pieces.

Inventory:

Hand Weapons
 a - a +1 war axe (weapon)
Missiles
 x - a throwing net (quivered) {!f}
Armour
 m - a +0 pair of gloves (worn)
 n - a +0 shield (worn)
 C - a +0 plate armour (worn)
 D - a +0 helmet (worn)
Jewellery
 p - a +3 ring of strength (left hand)
 v - an uncursed ring of resist corrosion
 y - an uncursed ring of ice
 F - an uncursed ring of protection from fire
 M - a ring of protection from magic (right hand)
Wands
 G - a wand of digging (11)
Scrolls
 g - a scroll of immolation
 l - 3 scrolls of amnesia
 r - 2 scrolls of remove curse
 s - 3 scrolls of enchant weapon
 t - a scroll of teleportation
 u - a scroll of fear
 z - a scroll of magic mapping
 B - a scroll of random uselessness {unknown}
 H - a scroll of noise {unknown}
 I - a scroll of enchant armour {unknown}
Potions
 b - a potion of ambrosia {unknown}
 c - 6 potions of curing
 d - a potion of might
 f - 5 potions of haste
 h - a potion of berserk rage
 j - a potion of resistance
 k - a potion of agility
 o - 2 potions of mutation {!q}
 q - a potion of flight {unknown}
 w - a potion of heal wounds {unknown}
 A - a potion of lignification {unknown}
 E - a potion of magic {unknown}
Comestibles
 e - 20 rations
 J - 4 chunks of flesh


   Skills:
 + Level 6.3 Fighting
 * Level 9.9 Axes
 + Level 7.5 Armour
 + Level 7.6 Shields
 * Level 11.1 Invocations


You had 9 spell levels left.
You didn't know any spells.

Dungeon Overview and Level Annotations

Branches:
Dungeon (11/15)            Temple (0/1) D:5            Lair (0/6) D:8
    Orc (0/2) D:9

Altars:
Ashenzari
Gozag
Hepliaklqana
Makhleb
Qazlal
Uskayaw
Wu Jian
Jiyva

Annotations:
D:8 1 transporter


Innate Abilities, Weirdness & Mutations

You are resistant to damage.
You can heal yourself by infusing magical energy.
You passively map the area around you.
You do not regenerate.


Message History

The 11-headed hydra bites you but does no damage.
You block the 11-headed hydra's attack. The 11-headed hydra barely misses you.
You block the 11-headed hydra's attack. The 11-headed hydra bites you.
* * * LOW HITPOINT WARNING * * *
The 11-headed hydra bites you but does no damage. x2
The 11-headed hydra bites you.
* * * LOW HITPOINT WARNING * * *
You climb upwards.
There is a stone staircase leading down here.
Unknown command.
Unknown command.
Unknown command.
Unknown command.
The 11-headed hydra bites you!
* * * LOW HITPOINT WARNING * * *
You block the 11-headed hydra's attack. x2; The 11-headed hydra bites you.
The 11-headed hydra barely misses you. You block the 11-headed hydra's attack.
The 11-headed hydra bites you but does no damage. x2
The 11-headed hydra bites you!
You die...

#######################
.......#.....#........#
.......#.....#..>.....#
.......#.....#..@D....#
.......#.....#.%......#
#.##..###'######.###..#
####..##..######.######
..#)......#...........#
..))....ยง3#........!..#
..##..##.3#######'##..#
..##..##..######..##5.#
..................#.<.#


You could see a 11-headed hydra.

Vanquished Creatures
  A two-headed ogre (D:8)
  Erica (D:8)
  Joseph (D:7)
  A centaur zombie (D:10)
  A troll (D:11)
  2 hippogriffs (D:8)
  2 yaks (D:10)
  Grum (D:8)
  A hungry ghost (D:10)
  2 ice beasts (D:8)
  A sky beast (D:5)
  A black bear (D:7)
  3 orc warriors
  4 wolves (D:8)
  5 ogres
  A centaur (D:9)
  A big kobold (D:11)
  5 bullfrogs
  3 killer bees (D:8)
  4 scorpions
  A wight (D:6)
  3 howler monkeys (D:8)
  4 crimson imps
  3 hounds
  A centaur skeleton (D:4)
  A gnoll shaman (D:5)
  4 orc priests
  8 orc wizards
  An iguana (D:5)
  2 worker ants
  2 hound zombies (D:8)
  Robin (D:3)
  8 adders
  6 gnolls
  A shadow imp (D:9)
  An adder skeleton (D:8)
  A dart slug (D:3)
  A worm (D:5)
  2 leopard geckos
  29 orcs
  4 bats
  13 goblins
  5 hobgoblins
  7 kobolds
  2 quokkas
  A ball python (D:5)
  3 frilled lizards
  6 rats
162 creatures vanquished.

Vanquished Creatures (collateral kills)
  A wyvern (D:10)
  2 yaks (D:10)
  An orc (D:10)
4 creatures vanquished.

Grand Total: 166 creatures vanquished

Notes
Turn   | Place    | Note
-------+----------+-------------------------------------------
     0 | D:1      | SpeedyPerson7 the Deep Dwarf Fighter began the quest for the Orb.
     0 | D:1      | Reached XP level 1. HP: 20/20 MP: 1/1
   140 | D:2      | Reached XP level 2. HP: 27/27 MP: 2/2
   254 | D:2      | Found an opulent altar of Gozag.
   254 | D:2      | Found a burning altar of Makhleb.
   305 | D:2      | Became a worshipper of Makhleb the Destroyer
   433 | D:2      | Reached XP level 3. HP: 28/34 MP: 3/3
   485 | D:2      | Found a faded altar of an unknown god.
   517 | D:2      | Reached skill level 1 in Invocations
   785 | D:3      | Noticed Robin
   799 | D:3      | Killed Robin
   800 | D:3      | Reached * piety under Makhleb
   923 | D:3      | Found an ornate altar of the Wu Jian Council.
   951 | D:3      | Reached XP level 4. HP: 28/42 MP: 5/5
   961 | D:3      | Reached skill level 2 in Invocations
  1115 | D:3      | Reached XP level 5. HP: 27/49 MP: 5/7
  1175 | D:4      | Reached skill level 3 in Invocations
  1203 | D:4      | Noticed an ogre
  1215 | D:4      | Killed an ogre
  1241 | D:4      | Reached XP level 6. HP: 56/56 MP: 8/8
  1261 | D:4      | Reached skill level 4 in Invocations
  1385 | D:5      | Entered Level 5 of the Dungeon
  1498 | D:5      | Noticed a sky beast
  1522 | D:5      | Killed a sky beast
  1563 | D:5      | Reached XP level 7. HP: 27/63 MP: 10/10
  1609 | D:5      | Reached skill level 5 in Invocations
  1686 | D:5      | Reached skill level 5 in Axes
  1861 | D:6      | Reached skill level 6 in Invocations
  1902 | D:6      | Reached skill level 5 in Armour
  1902 | D:6      | Reached skill level 5 in Shields
  1970 | D:6      | Found a stormy altar of Qazlal.
  1996 | D:7      | Reached XP level 8. HP: 57/72 MP: 12/12
  2001 | D:7      | Reached ** piety under Makhleb
  2185 | D:7      | Noticed Joseph
  2229 | D:7      | Killed Joseph
  2229 | D:7      | Reached skill level 7 in Invocations
  2539 | D:8      | Noticed a hippogriff
  2559 | D:8      | Killed a hippogriff
  2559 | D:8      | Reached skill level 8 in Invocations
  2559 | D:8      | Gained mutation: You passively map the area around you. [Deep Dwarf growth]
  2559 | D:8      | Reached XP level 9. HP: 49/80 MP: 11/13
  2573 | D:8      | Found a staircase to the Lair.
  2591 | D:8      | Noticed a dagger
  2591 | D:8      | Noticed a dagger
  2605 | D:8      | Reached skill level 5 in Fighting
  2606 | D:8      | Found a hide-covered altar of Uskayaw.
  2884 | D:8      | Noticed Erica
  2885 | D:8      | Noticed a two-headed ogre
  2911 | D:8      | Killed a two-headed ogre
  2911 | D:8      | Reached skill level 9 in Invocations
  2927 | D:8      | HP: 2/81 [something/bolt of poison (24)]
  2934 | D:8      | Killed Erica
  2934 | D:8      | Reached XP level 10. HP: 63/91 MP: 13/13
  2977 | D:8      | Noticed Grum
  2991 | D:8      | Reached skill level 10 in Invocations
  3014 | D:8      | Killed Grum
  3099 | D:8      | Found a hazy altar of Hepliaklqana.
  3292 | D:8      | Found a transporter.
  3315 | D:8      | Found a viscous altar of Jiyva.
  3410 | D:8      | Reached *** piety under Makhleb
  3764 | D:9      | Found a shattered altar of Ashenzari.
  3785 | D:9      | Found a staircase to the Orcish Mines.
  4110 | D:10     | Entered Level 10 of the Dungeon
  4559 | D:10     | Reached skill level 11 in Invocations
  4579 | D:11     | Noticed a four-headed hydra
  4598 | D:10     | Slain by an 11-headed hydra

Vault maps used:
D:1:      dpeg_arrival_more_subterranean_lakeside_camping,
          minmay_split_cup_large
D:2:      gammafunk_temple_overflow_statue, chequers_ecumenical_altar_simple,
          corexii_leaking_fountain, mrwooster_statue_mirror
D:3:      kennysheep_big_flooded_room, overflow_temple_1_default, first_ration,
          uniq_robin
D:4:      hangedman_decor_peaks_small, uniq_crazy_yiuf_cottage
D:5:      doesnt_xom_only_xom, temple_fountains, dk_vineyard_3
D:6:      kennysheep_mini, minivault_27, uniq_edmund
D:7:      black_bear_nest_1, zin_statuary, minmay_misc_feat_roman,
          grunt_livestock, uniq_joseph
D:8:      gammafunk_jiyva_shrine, dancing_weapons_uskayaw,
          overflow_temple_1_default, dpeg_oklobed_lair, uniq_erica, uniq_grum
D:9:      ashenzari_conservatory_becter
D:10:     minmay_weird_star, due_unseen_surprise
D:11:     serial_glass, glass_columns_a, glass_columns_a

Skill      XL: |  1  2  3  4  5  6  7  8  9 10 |
---------------+-------------------------------+-----
Fighting       | 3 4 5 6 |  6.3
Invocations    | 1 2 3 4 6 8 9 11 | 11.1
Axes           | 3 4 5 7 8 9 |  9.9
Armour         | 4 5 6 7 |  7.5
Shields        | 4 5 6 7 |  7.6

Action                   |  1- 3 |  4- 6 |  7- 9 | 10-12 || total
-------------------------+-------+-------+-------+-------++-------
Melee: War axe           |    87 |   132 |   296 |   224 ||   739
Invok: Lesser Servant of |       |       |       |     2 ||     2
 Abil: Heal Wounds       |       |     5 |    27 |     2 ||    34
  Use: Scroll            |       |       |     7 |     6 ||    13
       Potion            |       |       |     1 |       ||     1
 Stab: Distracted        |       |       |       |     2 ||     2
  Eat: Chunk             |       |     3 |     5 |     3 ||    11
       Ration            |       |       |       |     2 ||     2
Armor: Scale mail        |    41 |    63 |    71 |       ||   175
       Chain mail        |       |       |    26 |       ||    26
       Plate armour      |       |       |    80 |   173 ||   253
Dodge: Dodged            |    41 |    43 |   104 |    57 ||   245
Block: Shield            |    53 |    66 |   217 |   200 ||   536

Table legend:
 A = Spawn XP
 B = Non-spawn XP
 C = Spawn XP percentage of total XP
 D = Spawn monster count
 E = Non-spawn monster count
 F = Spawn count percentage of total count
 G = Total turns spent on level
                    A         B        C        D         E        F      G
               +---------+---------+-------+---------+---------+-------+---------
         Total |       0 |    9414 |   0.0 |       0 |     166 |   0.0 |  4598
               +---------+---------+-------+---------+---------+-------+---------
           D:1 |       0 |       4 |   0.0 |       0 |       3 |   0.0 |   130
           D:2 |       0 |      45 |   0.0 |       0 |      15 |   0.0 |   653
           D:3 |       0 |     154 |   0.0 |       0 |      27 |   0.0 |   480
           D:4 |       0 |     396 |   0.0 |       0 |      11 |   0.0 |   245
           D:5 |       0 |     342 |   0.0 |       0 |      13 |   0.0 |   359
           D:6 |       0 |     466 |   0.0 |       0 |       8 |   0.0 |   286
           D:7 |       0 |     863 |   0.0 |       0 |      16 |   0.0 |   307
           D:8 |       0 |    4441 |   0.0 |       0 |      40 |   0.0 |   997
           D:9 |       0 |     145 |   0.0 |       0 |       4 |   0.0 |   653
          D:10 |       0 |    2148 |   0.0 |       0 |      22 |   0.0 |   458
          D:11 |       0 |     410 |   0.0 |       0 |       7 |   0.0 |    30
               +---------+---------+-------+---------+---------+-------+---------
